 Dungeon Crawl Stone Soup version 0.27-a0-668-gb5737ff2c0 (webtiles) character file.

Game seed: 5723679204570376968

2275 jestyr24 the Protected (level 9, -1/79 HPs)
             Began as a Minotaur Fighter on Mar 17, 2021.
             Was a Priest of Okawaru.
             Slain by a cyclops (glowing shapeshifter) (20 damage)
             ... on level 7 of the Dungeon.
             The game lasted 00:25:10 (7068 turns).

jestyr24 the Protected (Minotaur Fighter)           Turns: 7068, Time: 00:25:11

Health: -1/79      AC: 11    Str: 23    XL:     9   Next: 16%
Magic:  11/11      EV: 11    Int:  5    God:    Okawaru [***...]
Gold:   275        SH:  0    Dex: 11    Spells: 8/8 levels left

rFire    . . .     SeeInvis +   m - +5 quarterstaff (chaos)
rCold    . . .     Faith    .   (shield currently unavailable)
rNeg     . . .     Spirit   .   b - +0 scale mail
rPois    .         Reflect  .   (helmet restricted)
rElec    .         Harm     .   n - +1 cloak
rCorr    .         Rampage  .   (no gloves)
Will     +....                  (no boots)
Stlth    ..........             (no amulet)
HPRegen  0.23/turn              v - ring of willpower
MPRegen  0.12/turn              p - ring of see invisible

@: no status effects
A: horns 2, retaliatory headbutt
a: Renounce Religion, Heroism


You were on level 7 of the Dungeon.
You worshipped Okawaru.
Okawaru was most pleased with you.
You visited 1 branch of the dungeon, and saw 7 of its levels.

You collected 275 gold pieces.

Inventory:

Hand Weapons
 a - a +0 long sword
 m - a +5 quarterstaff of chaos (weapon)
 o - a +3 dire flail
 F - a +1 vampiric dagger
Missiles
 g - 215 stones
 h - 4 boomerangs of dispersal
 l - 6 boomerangs
 A - 40 poisoned darts (quivered)
 B - 8 curare-tipped darts
Armour
 b - a +0 scale mail (worn)
 c - a +0 kite shield
 n - a +1 cloak (worn)
Magical Staves
 s - a staff of poison
Jewellery
 p - a ring of see invisible (left hand)
 v - a ring of willpower (right hand)
Wands
 x - a wand of flame (11)
Scrolls
 e - a scroll of vulnerability {unknown}
 i - 2 scrolls of magic mapping
 k - 2 scrolls of enchant weapon
 r - a scroll of acquirement {unknown}
 t - a scroll of fog {unknown}
 u - a scroll of teleportation {unknown}
 w - 2 scrolls of summoning
 z - a scroll of blinking {unknown}
 C - 2 scrolls of identify
 D - a scroll of random uselessness {unknown}
Potions
 d - 3 potions of might
 f - a potion of lignification
 j - a potion of curing {unknown}
 q - a potion of heal wounds {unknown}
 E - a potion of berserk rage {unknown}
 G - a potion of invisibility {unknown}


   Skills:
 + Level 7.3 Fighting
 + Level 5.5 Long Blades
 + Level 9.6 Armour
 + Level 4.7 Dodging
 + Level 4.8 Shields
 * Level 4.3 Invocations


You had 8 spell levels left.
You didn't know any spells.
Your spell library was empty.

Dungeon Overview and Level Annotations

Branches:
Dungeon (7/15)             Temple (0/1) D:4

Altars:
Cheibriados
Hepliaklqana
Kikubaaqudgha
Nemelex Xobeh
Okawaru
Ru
Sif Muna
Trog
Wu Jian
Xom
The Shining One

Shops:
D:1 *[?[*


Innate Abilities, Weirdness & Mutations

You have a pair of horns on your head.
You reflexively headbutt those who attack you in melee.


Message History

The centaur unwields a +0 shortbow.
The centaur hits you but does no damage.
You hit the centaur but do no damage. Lightning courses through the centaur!
The centaur is severely wounded.
The centaur closely misses you.
The centaur hits you but does no damage.
The steam dragon breathes steam at you. The ball of steam hits you!!
You thump the centaur!
You kill the centaur!
Okawaru accepts your kill.
You are engulfed in a cloud of scalding steam.
You are engulfed in a cloud of scalding steam.
Found a bubbling pink potion.
You thump the steam dragon! You burn the steam dragon.
You headbutt the steam dragon.
The steam dragon is heavily wounded.
The steam dragon barely misses you.
The steam dragon claws you but does no damage.
You sock the steam dragon!
The steam dragon changes into a glowing shapeshifter!
The glowing shapeshifter is lightly wounded.
You are engulfed in a cloud of scalding steam.
The glowing shapeshifter changes into a water nymph!
You closely miss the water nymph.
An adder skeleton comes into view.
The water nymph touches you. The water nymph drowns you!
* * * LOW HITPOINT WARNING * * *
You hit the water nymph.
You feel better.
The water nymph is lightly wounded.
The water nymph changes into a sea snake!
You hit the sea snake. You burn the sea snake.
The sea snake is lightly wounded.
The sea snake changes into a cyclops!
You thump the cyclops! You burn the cyclops. Your headbutt misses the cyclops.
The cyclops is lightly wounded.
You thump the cyclops!
The cyclops is poisoned.
The cyclops is moderately wounded.
The cyclops hits you!!
You die...

##.#.# !....###
###.## ##.......
##...## #.......#
.##.....#
#.......##.##.....#
#......$##.##.....#
#........#.###...##
......C..#.# ##.##
#.....Z@)#.# #.#
#........#.# #.#
###.#......####.# #
####........#
##########


You could see a cyclops shaped shifter (very poisoned) and an adder skeleton.

Vanquished Creatures
  Sigmund (D:4)
  A water moccasin (D:7)
  A sky beast (D:5)
  An ice beast (D:6)
  An orc warrior (D:6)
  A centaur (D:7)
  5 ogres
  A kobold brigand (D:7)
  A scorpion (D:6)
  5 wights (D:6)
  A centaur zombie (D:3)
  2 hounds
  2 orc priests
  Crazy Yiuf (D:2)
  2 bullfrog skeletons
  5 orc wizards
  6 worker ants
  3 iguanas
  A howler monkey zombie (D:5)
  6 gnolls
  5 adders
  2 oozes (D:3)
  4 worms (D:2)
  3 dart slugs (D:3)
  2 leopard geckos
  16 orcs
  5 giant cockroaches
  14 goblins
  12 hobgoblins
  8 jackals
  5 quokkas
  2 ball pythons
  5 bats
  10 frilled lizards
  A jackal zombie (D:5)
  7 kobolds
  7 rats
155 creatures vanquished.

Notes
Turn   | Place    | Note
-------+----------+-------------------------------------------
     0 | D:1      | jestyr24 the Minotaur Fighter began the quest for the Orb.
     0 | D:1      | Reached XP level 1. HP: 19/19 MP: 0/0
    14 | D:1      | Found Deixzis's General Store.
    28 | D:1      | Found Kouhurph's Armour Boutique.
   213 | D:1      | Found Tigher's Assorted Antiques.
   216 | D:1      | Reached XP level 2. HP: 27/27 MP: 1/1
   223 | D:1      | Reached skill level 4 in Armour
   586 | D:1      | Found Geniawo's Magic Scroll Shoppe.
   595 | D:1      | Found Donaid's Antique Armour Shoppe.
   802 | D:2      | Reached XP level 3. HP: 25/33 MP: 2/2
  1085 | D:2      | Reached XP level 4. HP: 17/40 MP: 3/3
  1505 | D:2      | Reached skill level 1 in Dodging
  1833 | D:2      | Found a shimmering blue altar of Sif Muna.
  1922 | D:2      | Found a runed translucent door.
  1923 | D:2      | Noticed Crazy Yiuf
  1930 | D:2      | Killed Crazy Yiuf
  1931 | D:2      | Reached XP level 5. HP: 28/46 MP: 4/4
  2364 | D:3      | Reached skill level 5 in Armour
  2586 | D:3      | Found a shimmering altar of Xom.
  2587 | D:3      | Found a hazy altar of Hepliaklqana.
  2588 | D:3      | Noticed a spectral ugly thing
  2942 | D:4      | Found an iron altar of Okawaru.
  2944 | D:4      | Found a glowing golden altar of the Shining One.
  2946 | D:4      | Found a bloodstained altar of Trog.
  2955 | D:4      | Reached XP level 6. HP: 29/53 MP: 5/5
  2957 | D:4      | Became a worshipper of Warmaster Okawaru
  3125 | D:4      | Found a snail-covered altar of Cheibriados.
  3191 | D:4      | Reached skill level 5 in Long Blades
  3419 | D:4      | Reached skill level 1 in Invocations
  3671 | D:4      | Noticed Sigmund
  3685 | D:4      | Killed Sigmund
  3685 | D:4      | Reached * piety under Okawaru
  3686 | D:4      | Reached skill level 6 in Armour
  3686 | D:4      | Reached XP level 7. HP: 30/60 MP: 5/7
  4034 | D:4      | Found a staircase to the Ecumenical Temple.
  4118 | D:5      | Entered Level 5 of the Dungeon
  4240 | D:5      | Reached skill level 5 in Fighting
  4547 | D:5      | Reached skill level 7 in Armour
  4617 | D:5      | Reached XP level 8. HP: 69/69 MP: 7/9
  4824 | D:5      | Reached ** piety under Okawaru
  5022 | D:5      | You fall into a shaft and drop 1 floor!
  5206 | D:6      | Reached skill level 8 in Armour
  5284 | D:6      | Found a sparkling altar of Nemelex Xobeh.
  5698 | D:6      | Found an ornate altar of the Wu Jian Council.
  5698 | D:6      | Found an ancient bone altar of Kikubaaqudgha.
  6060 | D:6      | Reached skill level 9 in Armour
  6185 | D:6      | Found a sacrificial altar of Ru.
  6767 | D:7      | Reached XP level 9. HP: 79/79 MP: 11/11
  6771 | D:7      | Reached *** piety under Okawaru
  7063 | D:7      | Noticed a glowing shapeshifter
  7063 | D:7      | a steam dragon changed into a glowing shapeshifter
  7063 | D:7      | Noticed a water nymph
  7063 | D:7      | a glowing shapeshifter changed into a water nymph
  7065 | D:7      | Noticed a sea snake
  7065 | D:7      | a water nymph changed into a sea snake
  7066 | D:7      | Noticed a cyclops
  7066 | D:7      | a sea snake changed into a cyclops
  7068 | D:7      | Slain by a cyclops (glowing shapeshifter)

Illustrated notes

Levels and vault maps discovered:
D:1:      beargit_arrival_greenhouse, layout_loops_ring, serial_shops, shop,
          shop, shop_fountains, shop_statue, shop
D:2:      layout_loops_ring, nicolae_overflow_hidden_temple,
          uniq_crazy_yiuf_cottage
D:3:      layout_basic, regret_index_temple_of_mockery
D:4:      layout_loops_ring, cheibriados_altar_1,
          chequers_temple_overflow_statue_of_worship, temple_green,
          glass_columns_a, uniq_sigmund
D:5:      layout_basic
D:6:      layout_loops_cross, gammafunk_temple_overflow_elements,
          marbit_many_paths, nicolae_ru_the_path_less_chosen
D:7:      wander_river, layout_loops_corners, nicolae_water_bricks, uniq_duvessa

Skill      XL: |  1  2  3  4  5  6  7  8 |
---------------+-------------------------+-----
Armour         | 4 5 6 7 9 |  9.6
Shields        | 4 |  4.8
Long Blades    | 3 4 5 |  5.5
Fighting       | 4 5 7 |  7.3
Dodging        | 1 2 3 4 |  4.7
Invocations    | 1 2 4 |  4.3

Action                   |  1- 3 |  4- 6 |  7- 9 || total
-------------------------+-------+-------+-------++-------
Melee: Long sword        |   109 |    46 |       ||   155
       Headbutt          |    17 |    24 |    25 ||    66
       Quarterstaff      |       |    91 |   161 ||   252
Throw: Dart              |       |       |     4 ||     4
       Boomerang         |       |       |     1 ||     1
  Use: Scroll            |       |       |     4 ||     4
       Potion            |       |       |     2 ||     2
 Stab: Confused          |       |     1 |       ||     1
       Paralysed         |       |       |     1 ||     1
Armor: Scale mail        |    51 |    48 |    66 ||   165
Dodge: Dodged            |    29 |    61 |    79 ||   169
Block: Kite shield       |    65 |    19 |       ||    84
       Rpst.: Long sword |     5 |     1 |       ||     6

Table legend: (Time is in decaauts)
 A = Elapsed time spent in this place.
 B = Non-inter-level travel time spent in this place.
 C = Inter-level travel time spent in this place.
 D = Time resting spent in this place.
 E = Time spent auto-exploring this place.
 F = Levels seen in this place.
 G = Mean time per level.
                   A        B        C        D        E       F      G
               +--------+--------+--------+--------+--------+-----+--------+
         Total |   7199 |   7114 |     85 |    961 |   4729 |   7 | 1028.4 |
       Dungeon |   7199 |   7114 |     85 |    961 |   4729 |   7 | 1028.4 |
               +--------+--------+--------+--------+--------+-----+--------+

Top non-repeatable levels by time:
     D:6: 1735 daAuts
     D:2: 1418 daAuts
     D:4: 1218 daAuts
     D:5: 919 daAuts
     D:1: 808 daAuts
     D:3: 759 daAuts
     D:7: 340 daAuts
